 Dungeon Crawl Stone Soup version 0.18.1-8-gdd0e5ea (webtiles) character file.

43 SpecialPurpose the Skirmisher (level 3, 0/29 HPs)
             Began as a Demonspawn Chaos Knight on June 4, 2016.
             Slain by an adder (1 damage)
             ... on level 2 of the Dungeon.
             The game lasted 00:10:01 (1056 turns).

SpecialPurpose the Skirmisher (DsCK)                Turns: 1056, Time: 00:10:01

Health: 0/29       AC: 10    Str: 13    XL:     3   Next: 37%
Magic:  3/3        EV: 10    Int: 13    God:    Xom [..*...]
Gold:   59         SH:  0    Dex: 12    Spells: 0 memorised, 2 levels left

rFire  + . .     SeeInvis .     a - +0 falchion (chaos)
rCold  . . .     Gourm    .     g - +2 ring mail
rNeg   . . .     Faith    .     (no shield)
rPois  .         Spirit   .     (no helmet)
rElec  .         Dismiss  .     (no cloak)
rCorr  .         Reflect  .     (no gloves)
SustAt .         Harm     .     j - +2 pair of boots {run}
MR     .....                    (no amulet)
Stlth  +.........               (no ring)
                                (no ring)

@: lethally poisoned (0 -> -3), quick, not resistant to hostile enchantments,
very unstealthy
A: claws 1, fire resistance 1
a: Renounce Religion


You were on level 2 of the Dungeon.
You worshipped Xom.
You were a toy of Xom.
You were hungry.

You visited 1 branch of the dungeon, and saw 2 of its levels.

You collected 59 gold pieces.

Inventory:

Hand Weapons
 a - a +0 falchion of chaos (weapon)
 f - a +0 dagger
 i - a +0 whip
 k - a +0 dagger
 m - a +0 morningstar
Missiles
 o - 37 stones (quivered)
 r - 13 arrows
Armour
 b - a +2 leather armour
 e - a +0 robe
 g - a +2 ring mail (worn)
 j - a +2 pair of boots of running (worn)
 l - a +0 leather armour
Jewellery
 n - an uncursed ring of resist corrosion
Scrolls
 p - a scroll of magic mapping
Comestibles
 c - a bread ration


   Skills:
 + Level 3.5 Fighting
 + Level 3.3 Long Blades
 + Level 2.0 Armour
 + Level 1.1 Dodging


You had 2 spell levels left.
You didn't know any spells.

Dungeon Overview and Level Annotations

Branches:
Dungeon (2/15)

Altars:


Innate Abilities, Weirdness & Mutations

You have sharp fingernails.
Your flesh is heat resistant.


Message History

* * * LOW HITPOINT WARNING * * *
You feel sick.
Something bites you but does no damage. x2
Unknown command.
Read which item? (? for menu, Esc to quit)
Enchant which item? (? for menu, Esc to quit)
As you read the scroll of enchant armour, it crumbles to dust.
Your +1 ring mail glows green for a moment.
Something bites you but does no damage.
* * * LOW HITPOINT WARNING * * *
You feel sick. Something bites you but does no damage.
Something bites you but does no damage.
* * * LOW HITPOINT WARNING * * *
You feel sick. Something bites you but does no damage. Something bites you.
* * * LOW HITPOINT WARNING * * *
Something bites you but does no damage. Something bites you but does no damage.
* * * LOW HITPOINT WARNING * * *
You feel sick. Something bites you.
You die... "Boring in life, boring in death..."

#.....#
#.#.#.#
##.#.#.#
#....#.#
####..###.#
#....## #.#
#....# #.#
#....#
#.#########
#.@..#
#........$.
#....#
###########
#....#
######


There were no monsters in sight!

Vanquished Creatures
  An adder (D:2)
  An ooze (D:1)
  A dart slug (D:1)
  2 giant geckos (D:1)
  3 bats (D:1)
  3 giant cockroaches
  A goblin (D:1)
  6 hobgoblins (D:1)
  2 jackals (D:1)
  A kobold (D:1)
  3 rats (D:1)
  2 plants (D:1)
26 creatures vanquished.

Notes
Turn   | Place    | Note
--------------------------------------------------------------
     0 | D:1      | SpecialPurpose the Demonspawn Chaos Knight began the quest for the Orb.
     0 | D:1      | Reached XP level 1. HP: 18/18 MP: 1/1
     7 | D:1      | XOM: harmless Erth miscast
   161 | D:1      | Reached skill level 1 in Dodging
   186 | D:1      | Gained mutation: Your flesh is heat resistant. [demonic ancestry]
   186 | D:1      | Reached XP level 2. HP: 21/24 MP: 2/2
   414 | D:1      | Identified a +2 pair of boots of running (You found it on level 1 of the Dungeon)
   773 | D:1      | Gained mutation: You have sharp fingernails. [demonic ancestry]
   773 | D:1      | Reached XP level 3. HP: 27/29 MP: 3/3
  1056 | D:2      | HP: 1/29 [poisoned by an adder]
  1056 | D:2      | Slain by an adder

Skill      XL: |  1  2 |
---------------+-------+-----
Long Blades    | 3 |  3.3
Dodging        | 1 |  1.1
Armour         | 2 |  2.0
Fighting       | |  3.5

Action                   || total
-------------------------++-------
Melee: Falchion          ||   140
  Use: Scroll            ||     4
       Potion            ||     4
 Stab: Sleeping          ||     1
Armor: Leather armour    ||    16
       Ring mail         ||    43
Dodge: Dodged            ||    58
